[Event "Late-Titled-Tuesday-Blitz-September-26-2023"]
[Site "Chess.com"]
[Date "2023.09.26"]
[Round "1"]
[White "Lady_Nika"]
[Black "FairChess_on_YouTube"]
[Result "0-1"]
[WhiteElo "2501"]
[BlackElo "3090"]
[TimeControl "180+1"]
[EndTime "14:05:25 PDT"]
[Termination "FairChess_on_YouTube won by resignation"]

1. e4 e6 2. d4 d5 3. exd5 exd5 4. Nf3 Nf6 5. c3 Bd6 6. Bd3 Qe7+ 7. Qe2 Qxe2+ 8. Bxe2 Bf5 9. Nbd2 O-O 10. O-O Re8 11.
Re1 a5 12. Nf1 a4 13. a3 Nc6 14. Bg5 Ne4 15. Ne3 Be6 16. Bh4 Bf4 17. Nf1 Na5 18. Bg3 Nxg3 19. hxg3 Bh6 20. Bb5 c6 21. Bd3 b5 22.
Ne5 f6 23. Nf3 Nc4 24. Re2 Bf7 25. Rae1 Rxe2 26. Rxe2 Bc1 27. Bxc4 bxc4 28. Ne3 Rb8 29. Nd1 Bg6 30. Ne1 Kf7 31. Kf1 Bd3 32. Nxd3 cxd3 33. Re1 Bd2 34. Re3 Bxe3 35. fxe3 Ke6 36. Ke1 Kf5 37.
Kd2 Kg4 38. Kxd3 Kxg3 39. e4 dxe4+ 40. Kxe4 h5 41. c4 Kxg2 42. d5 cxd5+ 43. cxd5 h4 44. d6 h3 45. Ne3+ Kg1 46. Ng4 h2 47. Nxh2 Kxh2 48.
Kd5 Rxb2 0-1

[Event "Late-Titled-Tuesday-Blitz-September-26-2023"]
[Site "Chess.com"]
[Date "2023.09.26"]
[Round "1"]
[White "Cambek64"]
[Black "platy3"]
[Result "0-1"]
[WhiteElo "2460"]
[BlackElo "2877"]
[TimeControl "180+1"]
[EndTime "14:05:25 PDT"]
[Termination "platy3 won by resignation"]

1. b3 e5 2. Bb2 Nc6 3. e3 Nf6 4. c4 g6 5. d3 Bg7 6. a3 O-O 7.
Nd2 d5 8. cxd5 Nxd5 9. Qc2 f5 10.
Ngf3 f4 11. e4 Nb6 12. b4 Be6 13. Be2 Qd7 14. O-O a5 15. b5 Nd4 16. Nxd4 exd4 17.
Nf3 a4 18. Ng5 Bb3 19. Qd2 Qxb5 20. Nf3 c5 21. Rfb1 Nd7 22. Bd1 Bxd1 23. Bxd4 Bb3 24. Bxg7 Kxg7 25. Qc3+ Kg8 26. d4 cxd4 27. Nxd4 Qc5 28.
Rxb3 axb3 29. Qxb3+ Kh8 30. Ne6 Qe5 31. Rd1 Rfe8 32. Nd4 Nc5 0-1

[Event "Late-Titled-Tuesday-Blitz-September-26-2023"]
[Site "Chess.com"]
[Date "2023.09.26"]
[Round "1"]
[White "Chessdude1987"]
[Black "A-Fier"]
[Result "0-1"]
[WhiteElo "2432"]
[BlackElo "2795"]
[TimeControl "180+1"]
[EndTime "14:05:25 PDT"]
[Termination "A-Fier won on time"]

1. e4 Nf6 2. e5 Nd5 3. d4 d6 4. Nf3 g6 5. Be2 Bg7 6. exd6 cxd6 7. c4 Nb6 8. Nc3 O-O 9. O-O Nc6 10. a4 Bg4 11. a5 Nd7 12. Be3 Nxa5 13. Qa4 Nc6 14.
d5 Nce5 15. Nd4 Bxe2 16. Ncxe2 Nb6 17. Qb3 Nexc4 18. Rfd1 Nxe3 19. fxe3 Qd7 20. h3 Rfc8 21. Nc3 Nc4 22. Rd3 a6 23. Rf1 Nxe3 24. Re1 Nc4 25.
Ne6 fxe6 26. dxe6 Qc6 27. Nd5 Re8 28. Rc1 b5 29. Qd1 Qc5+ 30. Kh1 Qf2 31. Rf3 Qh4 32.
Rf7 Ne5 33. Qf1 Kh8 34. Nc7 Nxf7 35. exf7 Rf8 36. Nxa8 Rxa8 37. Rc7 Rf8 38. Rxe7 Qxe7 0-1

[Event "Late-Titled-Tuesday-Blitz-September-26-2023"]
[Site "Chess.com"]
[Date "2023.09.26"]
[Round "1"]
[White "Garmendiarov"]
[Black "sergeikim"]
[Result "0-1"]
[WhiteElo "2302"]
[BlackElo "2609"]
[TimeControl "180+1"]
[EndTime "14:05:27 PDT"]
[Termination "sergeikim won by resignation"]

1. e4 e5 2. Nf3 Nc6 3. Bb5 a6 4. Ba4 Nf6 5. O-O b5 6. Bb3 Bc5 7. c3 d6 8. d4 Bb6 9. h3 h6 10.
Re1 O-O 11. Be3 Re8 12. Nbd2 exd4 13. cxd4 Nb4 14. e5 Nfd5 15. Ne4 Bf5 16. Ng3 Bh7 17.
a3 Nxe3 18. Rxe3 Nc6 19. e6 d5 20. Rc1 Qd6 21. exf7+ Kxf7 22. Rxc6 Qxc6 23. Ne5+ Rxe5 24. Rxe5 Rd8 25. Qf3+ Qf6 26. Bxd5+ Kf8 27. Re3 Bxd4 28.
Rd3 Bxd3 29. Qxd3 Rxd5 30. Ne4 Qf4 31. Qc2 c5 0-1

[Event "Late-Titled-Tuesday-Blitz-September-26-2023"]
[Site "Chess.com"]
[Date "2023.09.26"]
[Round "1"]
[White "Chessdemon2019"]
[Black "Willychess95"]
[Result "0-1"]
[WhiteElo "2390"]
[BlackElo "2700"]
[TimeControl "180+1"]
[EndTime "14:05:30 PDT"]
[Termination "Willychess95 won by resignation"]

1. e4 c5 2. Nf3 Nc6 3. d4 cxd4 4.
Nxd4 e5 5. Nb5 d6 6. c4 Be6 7.
Be3 g6 8. Be2 a6 9. N5c3 Bg7 10.
O-O Nf6 11. Nd5 O-O 12. Nbc3 Bxd5 13. cxd5 Nd4 14. Bxd4 exd4 15. Qxd4 Re8 16. f3 Nxe4 17.
Qd3 Nxc3 18. bxc3 Qa5 19. Rfc1 Rac8 20. Rab1 b5 21. c4 b4 22. Bd1 Qc5+ 23. Kf1 Re3 24.
Qd2 Bc3 25. Qf2 Re1+ 26. Qxe1 Bxe1 27. Kxe1 Qg1+ 28. Kd2 Qf2+ 29. Be2 a5 30. Re1 Qd4+ 31. Bd3 Qc3+ 32. Ke2 Re8+ 33. Kf2 Rxe1 0-1

[Event "Late-Titled-Tuesday-Blitz-September-26-2023"]
[Site "Chess.com"]
[Date "2023.09.26"]
[Round "1"]
[White "Andrej2004"]
[Black "K_alena13"]
[Result "1-0"]
[WhiteElo "2559"]
[BlackElo "2151"]
[TimeControl "180+1"]
[EndTime "14:05:32 PDT"]
[Termination "Andrej2004 won by resignation"]

1. Nf3 d5 2. b3 Nf6 3. Bb2 Bf5 4. g3 e6 5. Bg2 h6 6. O-O c6 7. d3 Be7 8. Nbd2 O-O 9. c4 Nbd7 10. Re1 Bh7 11.
Qc2 a5 12. a3 Qb6 13. h3 Bc5 14. e3 Rfd8 15. Qc3 Bf8 16. d4 Ne4 17. Nxe4 Bxe4 18. c5 Qc7 19. b4 axb4 20. axb4 Nf6 21. b5 Bf5 22. Ne5 Ne4 23. Qb4 Rdb8 24. b6 Qe7 25. Ra7 Qg5 26. h4 Qh5 27. Bf3 Rxa7 28. bxa7 1-0

[Event "Late-Titled-Tuesday-Blitz-September-26-2023"]
[Site "Chess.com"]
[Date "2023.09.26"]
[Round "1"]
[White "kuli4ik"]
[Black "rdarruda"]
[Result "1-0"]
[WhiteElo "2954"]
[BlackElo "2482"]
[TimeControl "180+1"]
[EndTime "14:05:36 PDT"]
[Termination "kuli4ik won by resignation"]

1. Nf3 d5 2. g3 Nf6 3. Bg2 c6 4. O-O g6 5. b3 Bg7 6. Bb2 O-O 7. c4 Nbd7 8. Qc2 e6 9. Nc3 b6 10. Rac1 Bb7 11. d4 Rc8 12. Rfd1 Re8 13. e4 dxe4 14. Nxe4 Nxe4 15. Qxe4 Qc7 16. Qe2 c5 17. h4 cxd4 18.
Nxd4 Bxg2 19. Kxg2 Nc5 20. Kg1 a6 21. Nf3 Bxb2 22.
Qxb2 Qb7 23. Qf6 Qe7 24. Qxe7 Rxe7 25. Rd6 Rb7 26. Rcd1 h6 27. Ne5 Rcc7 28. f3 Kg7 29. g4 a5 30. g5 hxg5 31. hxg5 b5 32. Rd8 bxc4 33. Nxc4 a4 34. Nd6 Rd7 35. Nxb7 Rxb7 36. Rc8 Nd7 37. bxa4 Ne5 38. Kg2 Ra7 39. Rdd8 1-0

[Event "Late-Titled-Tuesday-Blitz-September-26-2023"]
[Site "Chess.com"]
[Date "2023.09.26"]
[Round "1"]
[White "Valeron87"]
[Black "jcibarra"]
[Result "0-1"]
[WhiteElo "2474"]
[BlackElo "2939"]
[TimeControl "180+1"]
[EndTime "14:05:40 PDT"]
[Termination "jcibarra won on time"]

1. e4 c5 2. Nf3 e6 3. d4 cxd4 4.
Nxd4 Bc5 5. Nb3 Bb6 6. Nc3 Ne7 7. Bd3 O-O 8. Qe2 f5 9. Be3 f4 10. Bxb6 Qxb6 11. O-O-O Nbc6 12. Kb1 Ng6 13. Nd2 Nge5 14. Nc4 Qc5 15. Nxe5 Nxe5 16. f3 d6 17. Rhf1 Bd7 18.
g3 a6 19. Qd2 fxg3 20. f4 Ng4 21. hxg3 Ne3 22. e5 Nxf1 23. Rxf1 dxe5 24. Rh1 h6 25. Ne4 Qd4 26. c3 Qd5 27. fxe5 Bb5 28. c4 Bxc4 0-1

[Event "Late-Titled-Tuesday-Blitz-September-26-2023"]
[Site "Chess.com"]
[Date "2023.09.26"]
[Round "1"]
[White "wild3000"]
[Black "PotapovaM"]
[Result "1-0"]
[WhiteElo "2329"]
[BlackElo "2603"]
[TimeControl "180+1"]
[EndTime "14:05:40 PDT"]
[Termination "wild3000 won on time"]

1. e4 e6 2. Nf3 d5 3. e5 c5 4. b4 cxb4 5. d4 Nc6 6. Bd3 f6 7.
O-O Bd7 8. a3 bxa3 9. c3 Qb6 10.
Nxa3 fxe5 11. dxe5 Bc5 12. Rb1 Qa5 13. Rb5 Qc7 14.
Rxc5 a6 15. c4 b6 16. cxd5 bxc5 17. dxc6 Qxc6 18. Qc2 Ne7 19. Nc4 O-O 20. Bxh7+ Kh8 21. Be4 Nd5 22. Ng5 Rab8 23. Bxd5 1-0

[Event "Late-Titled-Tuesday-Blitz-September-26-2023"]
[Site "Chess.com"]
[Date "2023.09.26"]
[Round "1"]
[White "carloseduar100"]
[Black "Alex_Banzea"]
[Result "0-1"]
[WhiteElo "2327"]
[BlackElo "2636"]
[TimeControl "180+1"]
[EndTime "14:05:43 PDT"]
[Termination "Alex_Banzea won by resignation"]

1. e4 c6 2. Nf3 d5 3. Nc3 dxe4 4.
Nxe4 Nf6 5. Nxf6+ exf6 6. d4 Bd6 7. Bd3 O-O 8. O-O Bg4 9. c3 Re8 10. h3 Bh5 11. Bc4 Nd7 12. Qb3 Nb6 13. Nd2 Nxc4 14.
Nxc4 Bc7 15. Bd2 b5 16. Ne3 Qd6 17. g3 Bg6 18. Rfe1 Be4 19. Ng2 g5 20. Re3 Bd5 21.
Qc2 Qd7 22. Kh2 h5 23. Rae1 h4 24. Rxe8+ Rxe8 25. Rxe8+ Qxe8 26. Qf5 hxg3+ 27. Kg1 Qe2 28. Be1 Bxg2 29. Kxg2 Qxe1 30. fxg3 Qxg3+ 31. Kf1 Qf4+ 32. Qxf4 Bxf4 0-1

[Event "Late-Titled-Tuesday-Blitz-September-26-2023"]
[Site "Chess.com"]
[Date "2023.09.26"]
[Round "1"]
[White "GianmarcoVaR"]
[Black "KVAIDAN"]
[Result "1-0"]
[WhiteElo "2595"]
[BlackElo "2276"]
[TimeControl "180+1"]
[EndTime "14:05:44 PDT"]
[Termination "GianmarcoVaR won by checkmate"]

1. Nf3 f5 2. d4 Nf6 3. g3 e6 4.
Bg2 Be7 5. O-O d6 6. b3 O-O 7. Bb2 Qe8 8. Nbd2 Qh5 9. Qe1 Ne4 10. e3 c6 11. Ba3 Nd7 12. Nxe4 fxe4 13. Nd2 Nf6 14. Nxe4 Ng4 15. h3 Nf6 16. Bxd6 Nxe4 17. Bxe7 Ng5 18. Bxf8 Kxf8 19. Qd1 Nxh3+ 20. Bxh3 Qxh3 21.
Qf3+ Ke7 22. Qf4 Ke8 23. e4 b6 24. c4 Bb7 25. Rfe1 Rd8 26. d5 Bc8 27. Rad1 Qh5 28.
e5 cxd5 29. cxd5 exd5 30. e6 Bb7 31. e7 Rc8 32. Qf8+ Kd7 33. Qxc8+ Bxc8 34. Rxd5+ Qxd5 35. e8=Q+ Kc7 36. Rc1+ Kd6 37. Qf8+ Ke5 38. Re1+ Kd4 39. Qb4+ Kd3 40. Re3+ Kc2 41. Qc3+ Kb1 42. Re1+ Kxa2 43. Qa1+ Kxb3 44. Rb1+ Kc4 45. Qa4+ Kc3 46. Qb4+ Kc2 47.
Rb2+ Kc1 48. Qc3+ Kd1 49. Qc2+ Ke1 50. Qc1+ Qd1 51. Qc3+ Qd2 52. Qxd2# 1-0

[Event "Late-Titled-Tuesday-Blitz-September-26-2023"]
[Site "Chess.com"]
[Date "2023.09.26"]
[Round "1"]
[White "OparinGrigoriy"]
[Black "maksimys18"]
[Result "1-0"]
[WhiteElo "2970"]
[BlackElo "2489"]
[TimeControl "180+1"]
[EndTime "14:05:46 PDT"]
[Termination "OparinGrigoriy won by resignation"]

1. c4 e6 2. Nc3 d5 3. d4 Be7 4. cxd5 exd5 5. Bf4 Nf6 6. e3 O-O 7. Bd3 c6 8. Nge2 Be6 9. h3 Nbd7 10. O-O Re8 11. a3 Nf8 12. b4 Ng6 13. Bh2 Bd6 14. Bxd6 Qxd6 15. b5 Bd7 16. bxc6 bxc6 17. Na4 Ne4 18.
Bxe4 Rxe4 19. Nc5 Rh4 20. Ng3 f5 21. f4 Re8 22. Qd2 Nf8 23. Rab1 Bc8 24. Nd3 g5 25. Ne5 gxf4 26. exf4 Qxa3 27. Rf3 Qa4 28. Rc1 Rh6 29. Rfc3 Bb7 30. Nxf5 Rf6 31. Rg3+ Kh8 32. Nh6 Ng6 33. Nhf7+ Kg7 34. f5 Rxf7 35. Nxf7 Kxf7 36. fxg6+ hxg6 37. Rf1+ Kg7 38. Qf4 Rg8 39. Qe5+ Kh6 40. Qg5+ Kg7 41. Qxg6+ 1-0

[Event "Late-Titled-Tuesday-Blitz-September-26-2023"]
[Site "Chess.com"]
[Date "2023.09.26"]
[Round "1"]
[White "DanielNaroditsky"]
[Black "victormago"]
[Result "1-0"]
[WhiteElo "3139"]
[BlackElo "2503"]
[TimeControl "180+1"]
[EndTime "14:05:52 PDT"]
[Termination "DanielNaroditsky won by resignation"]

1. e4 c5 2. c3 d5 3. exd5 Qxd5 4. d4 g6 5. Nf3 Bg7 6. Na3 cxd4 7. Nb5 Na6 8. Nbxd4 Nf6 9. Bb5+ Bd7 10. Qe2 Bxb5 11. Nxb5 O-O 12. O-O e6 13. Be3 b6 14. Rfd1 Qh5 15.
a4 Nd5 16. Bd2 Nc5 17. Nbd4 Bxd4 18. cxd4 Nb3 19. Ra3 Nxd2 20. Qxd2 Rfd8 21. Ne5 Qf5 22. Rf3 Qh5 23. Rh3 Qf5 24. Qh6 Nf6 25. Qe3 Nd5 26.
Qd2 Qf4 27. Qe2 Qg5 28. Rg3 Qh6 29. Rf3 Rf8 30. h3 Rad8 31. Qe4 Qg7 32. Rc1 a5 33. Rc6 Rc8 34. Rxc8 Rxc8 35. Rxf7 Rc1+ 36. Kh2 Qh6 37. Ng4 Qd2 38. Qxe6 1-0

[Event "Late-Titled-Tuesday-Blitz-September-26-2023"]
[Site "Chess.com"]
[Date "2023.09.26"]
[Round "1"]
[White "snowlord"]
[Black "venturov"]
[Result "1-0"]
[WhiteElo "2896"]
[BlackElo "2464"]
[TimeControl "180+1"]
[EndTime "14:05:52 PDT"]
[Termination "snowlord won by resignation"]

1. e4 c5 2. Nf3 e6 3. Qe2 Nc6 4. g3 Nf6 5. Bg2 d5 6. exd5 Nxd5 7. O-O Be7 8. Rd1 Qb6 9. Nc3 O-O 10. b3 Nxc3 11. dxc3 Bf6 12. Ng5 h6 13. Ne4 Be7 14. Nd6 Bxd6 15. Rxd6 Nd4 16. Qe5 f6 17. Rxb6 fxe5 18.
Rd6 Ne2+ 19. Kf1 Nxc3 20. a4 Nd5 21. Ke1 Nb4 22. Rd2 Nc6 23. Ba3 Nd4 24. Bxc5 Re8 25. Rad1 Bd7 26. Bxb7 Rab8 27. Bg2 Bc6 28. Bxc6 Nxc6 29.
Rd7 a6 30. Rc7 Rbc8 31. Rdd7 h5 32. Rxg7+ Kh8 33. Rh7+ 1-0

[Event "Late-Titled-Tuesday-Blitz-September-26-2023"]
[Site "Chess.com"]
[Date "2023.09.26"]
[Round "1"]
[White "NicholasTakano"]
[Black "greekplayer1"]
[Result "0-1"]
[WhiteElo "2399"]
[BlackElo "2703"]
[TimeControl "180+1"]
[EndTime "14:05:54 PDT"]
[Termination "greekplayer1 won by checkmate"]

1. e4 c5 2. Nf3 d6 3. d4 cxd4 4.
Nxd4 Nf6 5. Nc3 a6 6. Be3 e5 7.
Nb3 Be6 8. f3 h5 9. Be2 Nbd7 10.
Nd5 Bxd5 11. exd5 Rc8 12. Qd2 g6 13. Na5 Qc7 14. c4 Bg7 15. O-O O-O 16. b4 e4 17.
Rac1 exf3 18. Bxf3 Ne5 19. Be2 Ne4 20. Qc2 f5 21.
Nb3 Ng4 22. Bxg4 hxg4 23. Nd4 Bxd4 24. Bxd4 b5 25. c5 Qf7 26. Qb3 Nd2 27. Qg3 Nxf1 28. Rxf1 Qxd5 29. Qxd6 Qxd6 30. cxd6 Rc4 31. Bc5 Rd8 32. Re1 Rd7 33. Re8+ Kf7 34. Ra8 Rc1+ 35. Kf2 Rc2+ 36. Kg3 Rxa2 37. Rc8 g5 38. Rc7 Ke6 39.
Rc8 f4+ 40. Kxg4 Rxg2+ 41. Kf3 Rxh2 42. Re8+ Kd5 43. Rg8 Rh3+ 44. Kf2 Rg3 45. Rf8 Rxd6 46. Bxd6 Kxd6 47. Rf6+ Ke5 48. Rxa6 Rb3 49. Rg6 Kf5 50. Rc6 Rb2+ 51. Kf3 g4# 0-1

[Event "Late-Titled-Tuesday-Blitz-September-26-2023"]
[Site "Chess.com"]
[Date "2023.09.26"]
[Round "1"]
[White "YEIKO2017"]
[Black "GadimbayliA"]
[Result "0-1"]
[WhiteElo "2453"]
[BlackElo "2858"]
[TimeControl "180+1"]
[EndTime "14:05:55 PDT"]
[Termination "GadimbayliA won by resignation"]

1. e4 e5 2. Nf3 d5 3. exd5 e4 4. Ne5 Qxd5 5. d4 exd3 6. Nxd3 Nf6 7. Nc3 Qf5 8. Nf4 Bd6 9. Bd3 Qa5 10. Qe2+ Qe5 11. Qxe5+ Bxe5 12. O-O O-O 13. Re1 Nc6 14. Nfd5 Nxd5 15. Nxd5 Be6 16. Ne7+ Nxe7 17. Rxe5 Nc6 18. Re1 Nb4 19. Be4 c6 20. c3 Na6 21. Be3 Rfe8 22. Bc2 Nc7 23. a4 Nd5 24. Bd4 b6 25. a5 c5 26. Be5 f6 27. Bg3 Kf7 28. h4 b5 29.
a6 h5 30. Rad1 Rad8 31. f3 Rd7 32. c4 Nb4 33. Bb1 Rxd1 34. Rxd1 bxc4 35. Kf2 Nxa6 36. Rd6 Nb4 37. Be4 Re7 38. Rd8 Rd7 39. Ra8 Bd5 40.
Bf5 Nd3+ 41. Ke3 Re7+ 42. Kd2 Bxa8 0-1

[Event "Late-Titled-Tuesday-Blitz-September-26-2023"]
[Site "Chess.com"]
[Date "2023.09.26"]
[Round "1"]
[White "MKlose11"]
[Black "invisible_s0ul"]
[Result "1-0"]
[WhiteElo "2606"]
[BlackElo "2296"]
[TimeControl "180+1"]
[EndTime "14:05:56 PDT"]
[Termination "MKlose11 won by resignation"]

1. e4 c5 2. Nc3 Nc6 3. d3 g6 4. g3 Bg7 5. Be3 Nd4 6. Qd2 e6 7. Nd1 d6 8. c3 Nc6 9. Bg2 Nge7 10. Bh6 O-O 11. h4 Ne5 12. Bxg7 Kxg7 13. h5 Rh8 14.
Ne3 d5 15. f4 d4 16. fxe5 dxe3 17. Qxe3 Nc6 18. Nf3 h6 19. hxg6 fxg6 20. O-O-O Qe7 21. d4 cxd4 22. cxd4 Nb4 23. Kb1 Bd7 24. a3 Na6 25. d5 Ba4 26. Rc1 Rac8 27. Nd4 Nc5 28. Rxc5 Rxc5 29.
Nxe6+ Kf7 30. Rf1+ 1-0

[Event "Late-Titled-Tuesday-Blitz-September-26-2023"]
[Site "Chess.com"]
[Date "2023.09.26"]
[Round "1"]
[White "TheMagician"]
[Black "stolencandy13"]
[Result "1-0"]
[WhiteElo "2246"]
[BlackElo "2552"]
[TimeControl "180+1"]
[EndTime "14:05:56 PDT"]
[Termination "TheMagician won by resignation"]

1. a3 e5 2. c4 Nf6 3. Nc3 Nc6 4. b4 d5 5. cxd5 Nxd5 6. Bb2 a6 7. e3 Be6 8. Rc1 Be7 9. Ne4 O-O 10. Nf3 Nf6 11. Nc5 Bxc5 12. Rxc5 e4 13. Ng5 Bg4 14. Bxf6 gxf6 15.
Qxg4 fxg5 16. Qxg5+ Qxg5 17. Rxg5+ Kh8 18. Bc4 f6 19. Rc5 Ne5 20. Be2 c6 21. f4 exf3 22.
gxf3 Rg8 23. Kf2 Rad8 24. d4 Nd7 25. Rf5 Rg5 26. Rxg5 fxg5 27. h4 gxh4 28. Rxh4 Re8 29. Bd3 Nf6 30. e4 Re7 31. Bc4 Kg7 32. e5 Nd7 33. f4 Nb6 34. Bb3 Rd7 35. f5 h5 36.
Ke3 Kh6 37. e6 Rd6 38. e7 Rd8 39. exd8=Q 1-0

[Event "Late-Titled-Tuesday-Blitz-September-26-2023"]
[Site "Chess.com"]
[Date "2023.09.26"]
[Round "1"]
[White "AlejandroBalde"]
[Black "Likvidator228"]
[Result "0-1"]
[WhiteElo "2061"]
[BlackElo "2525"]
[TimeControl "180+1"]
[EndTime "14:05:59 PDT"]
[Termination "Likvidator228 won on time"]

1. e4 c5 2. Nc3 g6 3. g3 Bg7 4.
Bg2 Nc6 5. Nge2 Nf6 6. d3 d6 7. O-O O-O 8. h3 Rb8 9. Be3 b5 10. Qd2 b4 11. Nd1 a5 12. Bh6 a4 13. Bxg7 Kxg7 14.
c3 bxc3 15. bxc3 Ba6 16. f4 Qa5 17. f5 Ne5 18. Nf2 a3 19. Rab1 c4 20. d4 Nd3 21.
Nxd3 cxd3 22. Nf4 Rxb1 23. Rxb1 Rc8 24. Rc1 gxf5 25. Nh5+ Nxh5 26. Qg5+ Kf8 27. Qxh5 Rxc3 28. Rf1 d2 29. Qxh7 Ke8 30. Rd1 Rc1 31. Qh5 Rxd1+ 32.
Qxd1 Qc3 33. exf5 Be2 0-1

[Event "Late-Titled-Tuesday-Blitz-September-26-2023"]
[Site "Chess.com"]
[Date "2023.09.26"]
[Round "1"]
[White "NotFischer"]
[Black "bipe137"]
[Result "1-0"]
[WhiteElo "2259"]
[BlackElo "2557"]
[TimeControl "180+1"]
[EndTime "14:06:00 PDT"]
[Termination "NotFischer won by resignation"]

1. e4 c5 2. Nf3 e6 3. d4 cxd4 4. Nxd4 Nc6 5. Be3 Nf6 6. Nc3 Bb4 7. Nxc6 bxc6 8. Bd3 d5 9. e5 Nd7 10. Qg4 Bf8 11.
Qg3 Rb8 12. b3 Qa5 13. Bd2 d4 14. Nb5 Qxd2+ 15. Kxd2 cxb5 16. f4 g6 17. Rad1 Bb4+ 18. Kc1 Bc3 19. Rhf1 a5 20. f5 gxf5 21. Qg7 Rf8 22.
g4 a4 23. gxf5 axb3 24. cxb3 Nc5 25. fxe6 Bxe6 26. Bf5 Ra8 27. Qg2 Nxb3+ 28. Kb1 Ra6 29. Bxe6 fxe6 30. Rxf8+ Kxf8 31. Rf1+ 1-0

[Event "Late-Titled-Tuesday-Blitz-September-26-2023"]
[Site "Chess.com"]
[Date "2023.09.26"]
[Round "1"]
[White "Fandorine"]
[Black "DeArron_Fox"]
[Result "1-0"]
[WhiteElo "2941"]
[BlackElo "2475"]
[TimeControl "180+1"]
[EndTime "14:06:02 PDT"]
[Termination "Fandorine won on time"]

1. e4 c5 2. Ne2 e6 3. Nbc3 a6 4. g3 b5 5. Bg2 Bb7 6. d4 cxd4 7. Nxd4 Nf6 8. a3 Qc7 9. O-O Nc6 10. Nb3 Be7 11. Kh1 O-O 12. g4 h6 13. f4 Nh7 14.
Be3 d6 15. Qe1 Rfd8 16. Rd1 Rac8 17. Qf2 Qb8 18. h4 b4 19. axb4 Nxb4 20. g5 hxg5 21. hxg5 Nf8 22. f5 exf5 23. exf5 Bxg2+ 24. Qxg2 Qa8 25. Qxa8 Rxa8 26. f6 gxf6 27. gxf6 Bxf6 28. Rxf6 Nxc2 29. Bb6 Rd7 30. Nd5 Ng6 31. Rxg6+ fxg6 32. Nf6+ Kf7 33. Nxd7 Ke6 34. Rd2 Rh8+ 35. Kg1 1-0

[Event "Late-Titled-Tuesday-Blitz-September-26-2023"]
[Site "Chess.com"]
[Date "2023.09.26"]
[Round "1"]
[White "Real_taiatai"]
[Black "stregachess"]
[Result "1-0"]
[WhiteElo "2528"]
[BlackElo "2074"]
[TimeControl "180+1"]
[EndTime "14:06:03 PDT"]
[Termination "Real_taiatai won by resignation"]

1. d4 Nf6 2. c4 e5 3. dxe5 Ne4 4. Nf3 Bb4+ 5. Nbd2 Nc6 6. a3 Bxd2+ 7. Bxd2 Nxd2 8.
Qxd2 O-O 9. e3 Re8 10. Qc3 Qe7 11. Rd1 Nxe5 12. Be2 d6 13. O-O Rb8 14. b4 Bg4 15.
Nd4 Bxe2 16. Nxe2 Qf6 17. Rd4 Qg6 18. Kh1 Qh6 19. Ng3 Re6 20. c5 Rg6 21. cxd6 cxd6 22.
Qc7 Rf8 23. Nf5 Qg5 24. Ne7+ Kh8 25. Nxg6+ Nxg6 26. Qxd6 h6 27. f4 Qh4 28. f5 Qe7 29.
fxg6 1-0

[Event "Late-Titled-Tuesday-Blitz-September-26-2023"]
[Site "Chess.com"]
[Date "2023.09.26"]
[Round "1"]
[White "FrankDux44"]
[Black "kai_nov"]
[Result "1-0"]
[WhiteElo "2572"]
[BlackElo "2241"]
[TimeControl "180+1"]
[EndTime "14:06:04 PDT"]
[Termination "FrankDux44 won on time"]

1. d4 Nf6 2. c4 e6 3. Nc3 d5 4. cxd5 exd5 5. Bg5 c6 6. e3 h6 7. Bh4 Bf5 8. Bd3 Bxd3 9. Qxd3 Be7 10. Nge2 Nbd7 11.
O-O O-O 12. Rad1 Re8 13. f3 Nf8 14. Bf2 Ne6 15. h3 Qc7 16. e4 dxe4 17. fxe4 Rad8 18. e5 Nd5 19. Ne4 Qb6 20. b3 Qa5 21. a4 c5 22. Qf3 cxd4 23. Nxd4 Nxd4 24. Bxd4 Rf8 25. Qg3 Nb4 26. Be3 Kh8 27. Rxd8 Qxd8 28. Nd6 Nd5 29. Nxf7+ Rxf7 30. Rxf7 1-0

[Event "Late-Titled-Tuesday-Blitz-September-26-2023"]
[Site "Chess.com"]
[Date "2023.09.26"]
[Round "1"]
[White "MergenKakabaev"]
[Black "Francisco_Ferrari"]
[Result "1-0"]
[WhiteElo "2685"]
[BlackElo "2387"]
[TimeControl "180+1"]
[EndTime "14:06:05 PDT"]
[Termination "MergenKakabaev won by resignation"]

1. e4 c5 2. Nf3 d6 3. d4 cxd4 4. Nxd4 Nf6 5. Nc3 a6 6. Bg5 e6 7. f4 Be7 8. Qf3 Qc7 9. O-O-O Nbd7 10. g4 b5 11. Bxf6 Nxf6 12. g5 Nd7 13. f5 Bxg5+ 14.
Kb1 Ne5 15. Qh5 Bf6 16. Nxe6 Bxe6 17. fxe6 O-O 18. Nd5 Qd8 19. exf7+ Rxf7 20. Bh3 Kh8 21. Rhf1 Rf8 22. c3 g6 23. Qe2 Bg7 24. Rxf8+ Qxf8 25. Rf1 Qd8 26. Be6 Nc4 27. Rf7 Qg5 28. Nc7 Qg1+ 29. Kc2 Rd8 30. Bxc4 bxc4 31. Rxg7 Rf8 32. Qxc4 Rf2+ 33. Kb3 Kxg7 34. Nxa6 Qd1+ 35. Ka3 Qc2 36. Qd4+ Kh6 37. c4 Rf3+ 38. b3 Rf2 39. Nb4 Qc1+ 40. Ka4 Qe1 41. Kb5 Rxh2 42. a4 Re2 43. a5 Rxe4 44. Qxd6 Qe2 45. a6 Re5+ 46. Nd5 Qe3 47. b4 Rf5 48. Qh2+ Kg7 49. Qc7+ Kg8 50. Qc8+ Kf7 51. Qxf5+ gxf5 52. Nxe3 1-0

[Event "Late-Titled-Tuesday-Blitz-September-26-2023"]
[Site "Chess.com"]
[Date "2023.09.26"]
[Round "1"]
[White "miraitrunks"]
[Black "zajka-molotok"]
[Result "0-1"]
[WhiteElo "2146"]
[BlackElo "2558"]
[TimeControl "180+1"]
[EndTime "14:06:07 PDT"]
[Termination "zajka-molotok won by checkmate"]

1. e4 c5 2. c3 e6 3. d4 d5 4. e5 Nc6 5. Nf3 Qb6 6. Bd3 Bd7 7.
O-O cxd4 8. cxd4 Nxd4 9. Nxd4 Qxd4 10. Qe2 Qb6 11. Nc3 Ne7 12. Kh1 Nc6 13. f4 g6 14. g4 h5 15. f5 gxf5 16. gxf5 O-O-O 17. fxe6 fxe6 18. Bg5 Be7 19. Bxe7 Nxe7 20. Rac1 Bc6 21.
Rf7 Rde8 22. Nb5 Kb8 23. Nd6 Rhf8 24. Qxh5 Qe3 25. Rxf8 Rxf8 26. Rf1 d4+ 27. Be4 Rxf1+ 28. Kg2 Rf2+ 29. Kg1 Qe1# 0-1

[Event "Late-Titled-Tuesday-Blitz-September-26-2023"]
[Site "Chess.com"]
[Date "2023.09.26"]
[Round "1"]
[White "vugarrasulov"]
[Black "imdvb6307"]
[Result "1-0"]
[WhiteElo "2957"]
[BlackElo "2485"]
[TimeControl "180+1"]
[EndTime "14:06:09 PDT"]
[Termination "vugarrasulov won by resignation"]

1. e4 e5 2. Nf3 Nf6 3. Nxe5 d6 4. Nf3 Nxe4 5. Nc3 Nf6 6. d4 Be7 7. Bg5 O-O 8. Bd3 Nc6 9. h3 Nb4 10. O-O Nxd3 11. Qxd3 c5 12. Rfe1 h6 13. Bh4 Be6 14. Rad1 Re8 15. Qb5 Bd7 16. Qxb7 Qb6 17. Qxb6 axb6 18.
dxc5 bxc5 19. Bxf6 Bxf6 20. Rxe8+ Bxe8 21. Rxd6 Bxc3 22. bxc3 Rxa2 23. Rd8 Kf8 24. Rc8 Rxc2 25. Rxc5 Ke7 26. Nd4 Rc1+ 27. Kh2 Bd7 28. Kg3 Kd6 29. f3 Kxc5 30.
Nb3+ Kc4 31. Nxc1 Kxc3 32. Kf4 Kd4 33. Nb3+ Kd5 34. h4 Ke6 35. Nc5+ Kd6 36. Nxd7 Kxd7 37.
Ke5 Ke7 38. h5 Kd7 39. g4 Ke7 40. f4 Kd7 41. g5 Ke7 42. Kf5 Ke8 43. gxh6 gxh6 44. Kf6 Kf8 45. f5 Ke8 46. Kg7 Ke7 47. Kxh6 Kf6 48. Kh7 Kxf5 49. h6 Kg5 50. Kg7 1-0

[Event "Late-Titled-Tuesday-Blitz-September-26-2023"]
[Site "Chess.com"]
[Date "2023.09.26"]
[Round "1"]
[White "lamomiajunior"]
[Black "Kostukov_Alex"]
[Result "1-0"]
[WhiteElo "2729"]
[BlackElo "2407"]
[TimeControl "180+1"]
[EndTime "14:06:09 PDT"]
[Termination "lamomiajunior won by resignation"]

1. d4 g6 2. e4 c5 3. d5 d6 4. Nc3 Bg7 5. Nf3 Nf6 6. Bc4 O-O 7. O-O Na6 8. h3 Nc7 9. Re1 Nd7 10. a4 Rb8 11. Bf1 b6 12. Bf4 a6 13. Qd2 b5 14.
axb5 axb5 15. Bh6 b4 16. Bxg7 Kxg7 17. Ne2 Ne5 18. Nxe5 dxe5 19. Nc1 Nb5 20. Bxb5 Rxb5 21. Nd3 Qd6 22. b3 Bb7 23. Nb2 Ra8 24. Nc4 Qc7 25.
Rxa8 Bxa8 26. h4 h5 27. Qg5 f6 28. Qe3 Rb8 29. Rf1 Bb7 30. f4 exf4 31. Rxf4 Ba6 32. e5 Bxc4 33. exf6+ exf6 34. bxc4 Qe5 35. Re4 Qd6 36.
Re6 Qf8 37. Re7+ Kg8 38. Qe6+ Kh8 39. Rf7 Qd8 40. Rxf6 Qg8 41. Qe5 Qg7 42. Qxb8+ 1-0